 Dungeon Crawl Stone Soup version 0.30-a0-1075-gcd70e7a56d (webtiles) character file.

Game seed: 9569879477111609523

2824 graymark the Fighter (level 9, -2/75 HPs)
             Began as a Demonspawn Fighter on Apr 14, 2023.
             Slain by a two-headed ogre
             ... wielding a +0 giant spiked club
              (30 damage)
             ... on level 9 of the Dungeon.
             The game lasted 00:34:36 (6968 turns).

graymark the Fighter (Demonspawn Fighter)           Turns: 6968, Time: 00:34:36

Health: -2/75      AC: 14    Str: 21    XL:     9   Next: 45%
Magic:  9/9        EV: 14    Int: 10    God:
Gold:   449        SH: 10    Dex: 12    Spells: 8/8 levels left

rFire   . . .      SeeInvis .    a - +0 war axe
rCold   . . .      Faith    .    c - +0 buckler
rNeg    . . .      Spirit   .    b - +0 scale mail
rPois   +          Reflect  +    (helmet restricted)
rElec   .          Rampage  .    y - +2 cloak {rPois}
rCorr   .                        (no gloves)
Will    +....                    q - +2 pair of boots Stlth
                                 M - amulet of reflection
HPRegen 0.32/turn                t - +5 ring of evasion
MPRegen 0.11/turn                w - ring of willpower

@: no status effects
A: antennae 1, ignite blood 2, demonic magic 2
a: no special abilities


You were on level 9 of the Dungeon.
You visited 1 branch of the dungeon, and saw 8 of its levels.

You collected 449 gold pieces.

Inventory:

Hand Weapons
 a - a +0 war axe (weapon)
 l - a +1 short sword of draining
 v - a +0 flail
 A - a +2 spear of venom
 K - a +2 glaive of protection
Missiles
 r - 4 atropa-tipped darts (quivered)
 C - a throwing net
Armour
 b - a +0 scale mail (worn)
 c - a +0 buckler (worn)
 e - a +0 helmet
 q - a +2 pair of boots (worn)
 y - a +2 cloak of poison resistance (worn)
Jewellery
 t - a +5 ring of evasion (left hand)
 w - a ring of willpower (right hand)
 x - a ring of flight
 J - a ring of wizardry
 M - an amulet of reflection (around neck)
Wands
 h - a wand of mindburst (8)
 B - a wand of digging (5)
 N - a wand of flame (5)
Scrolls
 d - a scroll of summoning {unknown}
 f - 3 scrolls of fog
 i - 2 scrolls of blinking
 m - a scroll of fear
 n - a scroll of teleportation
 o - a scroll of immolation
 u - a scroll of brand weapon {unknown}
 D - 2 scrolls of vulnerability
 E - a scroll of poison {unknown}
Potions
 g - 4 potions of curing
 j - 2 potions of flight
 k - 3 potions of haste
 p - a potion of mutation {unknown}
 s - 2 potions of heal wounds
 z - a potion of cancellation
 F - a potion of lignification
 G - 2 potions of brilliance
 H - a potion of might
 I - 2 potions of invisibility {unknown}
 L - a potion of attraction {unknown}


   Skills:
 * Level 8.8 Fighting
 + Level 5.5 Axes
 + Level 6.0 Armour
 + Level 0.2 Dodging
 - Level 6.0 Shields


You had 8 spell levels left.
You didn't know any spells.
Your spell library contained the following spells:

 Spells                   Type           Power      Damage    Failure   Level
 Freeze                   Ice            0%         1d3       77%         1
 Blink                    Tloc           0%         N/A       88%         2
 Cigotuvi's Dreadful Rot  Necr/Pois/Air  0%         N/A       88%         2
 Lesser Beckoning         Tloc           0%         N/A       88%         2
 Momentum Strike          Conj/Tloc      0%         3d8       88%         2
 Sublimation of Blood     Necr           0%         N/A       88%         2
 Wereblood                Tmut           0%         N/A       88%         2
 Dazzling Flash           Conj/Hex       0%         N/A       98%         3
 Frozen Ramparts          Ice            0%         1d1       98%         3
 Gell's Gravitas          Tloc           0%         N/A       98%         3
 Hailstorm                Conj/Ice       0%         3d3       98%         3
 Ignite Poison            Fire/Tmut/Pois 0%         N/A       98%         3
 Teleport Other           Tloc           0%         N/A       98%         3
 Volatile Blastmotes      Fire/Tloc      0%         2d10      98%         3
 Iskenderun's Mystic Bla  Conj/Tloc      0%         2d3       100%        4
 Freezing Cloud           Conj/Ice/Air   0%         6-21      100%        5
 Starburst                Conj/Fire      0%         6d3       100%        6
 Summon Hydra             Summ           0%         N/A       100%        7


Dungeon Overview and Level Annotations

Branches:
Dungeon (9/15)
 Temple: D:4-7         Lair: D:8-11         Orc: D:9-12

Altars:
Wu Jian
Xom

Annotations:
D:7 exclusion: downstairs
D:8 exclusion: downstairs, Amaemon


Innate Abilities, Weirdness & Mutations

You have a pair of small antennae on your head.
Your demonic aura often causes spilled blood to erupt in flames.
Spells you cast may paralyse nearby enemies.


Message History

The howler monkey hoots and howls with incredible vigour!
You hear a roar!
You hear a bellow! x3
You block the howler monkey's attack.
You slash the howler monkey!
The howler monkey is heavily wounded.
The howler monkey misses you.
You hit the howler monkey but do no damage.
The howler monkey is heavily wounded.
You block the howler monkey's attack.
The howler monkey hoots and howls with incredible vigour!
You hear a bellow!
You hear a howl!
You slash the howler monkey!
You kill the howler monkey!
No target in view!
No target in view!
A two-headed ogre comes into view.
It is wielding a +0 giant spiked club and a +0 giant club.
The two-headed ogre shouts in stereo!
Okay, then.
Aiming: Mindburst
Press: ? - help, Shift-Dir - straight line, f - two-headed ogre
Aim: a two-headed ogre, wielding a +0 giant spiked club and a +0 giant club (chance to affect: 47%)
The two-headed ogre resists with some effort.
Aiming: Mindburst
Press: ? - help, Shift-Dir - straight line, f/p - two-headed ogre
Aim: a two-headed ogre, wielding a +0 giant spiked club and a +0 giant club (chance to affect: 47%)
The two-headed ogre resists with some effort.
The two-headed ogre attacks as you move away!
You block the two-headed ogre's attack.
The two-headed ogre completely misses you.
Aiming: Mindburst
Press: ? - help, Shift-Dir - straight line, f/p - two-headed ogre
Aim: a two-headed ogre, wielding a +0 giant spiked club and a +0 giant club (chance to affect: 47%)
The two-headed ogre's minds are blasted!
You barely miss the two-headed ogre.
The two-headed ogre is moderately wounded.
The two-headed ogre hits you with a +0 giant spiked club!!
The two-headed ogre hits you with a +0 giant club!
The two-headed ogre attacks as you move away!
The two-headed ogre hits you with a +0 giant spiked club!!
You die...

......... ..... ........
.... #####..# #..# . #..#
#..# .. #####..#####..#
... ..............# ....
..............# .....
###..#######..#####......
#..# #....@O....... #..#
#.....°....... #..#
#............. #..#
#............. #..#
#............. ###..#
#............. .....
............... .....
............... #####


You could see a two-headed ogre.

Vanquished Creatures
  A hornet (D:7)
  A wyvern (D:8)
  2 ice beasts (D:6)
  2 sky beasts
  2 black bears
  An orc warrior (D:9)
  A centaur (D:6)
  A kobold brigand (D:7)
  A phantom (D:7)
  2 bullfrogs (D:7)
  Blork the orc (D:6)
  A gnoll sergeant (D:7)
  A scorpion (D:6)
  6 wights
  10 killer bees
  3 howler monkeys
  A jelly (D:7)
  Crazy Yiuf (D:3)
  Jessica (D:3)
  Natasha (thrice) (D:3)
  2 sleepcaps
  Terence (D:2)
  2 orc wizards
  7 gnolls (D:7)
  3 adders
  A shadow imp (D:8)
  A white imp (D:6)
  2 dart slugs
  12 orcs
  5 bats
  8 endoplasms
  7 giant cockroaches
  6 goblins
  7 hobgoblins
  A ball python (D:2)
  3 frilled lizards
  6 kobolds
  5 rats
121 creatures vanquished.

Notes
Turn   | Place    | Note
-------+----------+-------------------------------------------
     0 | D:1      | graymark the Demonspawn Fighter began the quest for the
                  | Orb.
     0 | D:1      | Reached XP level 1. HP: 18/18 MP: 1/1
    75 | D:1      | Gained mutation: Your demonic aura sometimes causes spilled
                  | blood to erupt in flames. [demonic ancestry]
    75 | D:1      | Reached XP level 2. HP: 24/24 MP: 2/2
   554 | D:2      | Noticed Terence
   560 | D:2      | Killed Terence
   561 | D:2      | Gained mutation: Your demonic aura often causes spilled
                  | blood to erupt in flames. [demonic ancestry]
   561 | D:2      | Reached XP level 3. HP: 12/29 MP: 3/3
   845 | D:2      | Gained mutation: Spells you cast may paralyse adjacent
                  | enemies. [demonic ancestry]
   845 | D:2      | Reached XP level 4. HP: 37/37 MP: 4/4
  1459 | D:3      | Noticed Natasha
  1464 | D:3      | Killed Natasha
  1492 | D:3      | Noticed Jessica
  1496 | D:3      | Killed Jessica
  1497 | D:3      | Reached skill level 4 in Fighting
  1517 | D:3      | Reached XP level 5. HP: 36/42 MP: 5/5
  1538 | D:3      | Noticed Natasha
  1544 | D:3      | Killed Natasha
  1809 | D:3      | Found an ornate altar of the Wu Jian Council.
  1813 | D:3      | Found a shimmering altar of Xom.
  1851 | D:3      | Noticed Natasha
  1856 | D:3      | Killed Natasha
  2070 | D:3      | Found a runed translucent door.
  2071 | D:3      | Noticed Crazy Yiuf
  2305 | D:3      | Killed Crazy Yiuf
  2454 | D:4      | Noticed a black bear
  2479 | D:3      | Killed a black bear
  2480 | D:3      | Reached skill level 5 in Fighting
  2480 | D:3      | Gained mutation: Spells you cast may paralyse nearby
                  | enemies. [demonic ancestry]
  2480 | D:3      | Reached XP level 6. HP: 51/51 MP: 6/6
  2770 | D:4      | Identified the +1 sling "Joxyucud" {flame, Str+3 Dex+2}
  2943 | D:4      | You fall into a shaft and drop 3 floors!
  3005 | D:7      | Gained mutation: You have a pair of small antennae on your
                  | head. [demonic ancestry]
  3005 | D:7      | Reached XP level 7. HP: 50/56 MP: 7/7
  3272 | D:7      | Reached skill level 6 in Fighting
  3594 | D:6      | Reached XP level 8. HP: 64/65 MP: 8/8
  3693 | D:6      | Noticed Blork the orc
  3701 | D:6      | Killed Blork the orc
  4218 | D:6      | Reached skill level 7 in Fighting
  4218 | D:6      | Reached skill level 5 in Armour
  4218 | D:6      | Reached skill level 5 in Shields
  5135 | D:7      | Noticed a hornet
  5140 | D:7      | Killed a hornet
  5141 | D:7      | Reached skill level 8 in Fighting
  5141 | D:7      | Reached skill level 5 in Axes
  5141 | D:7      | Reached XP level 9. HP: 39/74 MP: 9/9
  5790 | D:8      | Noticed a two-headed ogre
  6273 | D:8      | Found a flagged portal.
  6274 | D:8      | Noticed an orange demon
  6275 | D:8      | Noticed Amaemon
  6960 | D:9      | Noticed a two-headed ogre
  6968 | D:9      | Slain by a two-headed ogre

Illustrated notes

Levels and vault maps discovered:
D:1:      tarquinn_simple_flora_water_f, layout_rooms
D:2:      layout_loops_ring, serial_aquarium, aquarium_bridge_square
          [aquarium_subvault_wall, aquarium_subvault_bridge,
          aquarium_subvault_bridge, aquarium_subvault_balcony],
          aquarium_window_fake, aquarium_window_fake, aquarium_view_2c,
          aquarium_balcony_3b, aquarium_pool_corner, kennysheep_minor_cross,
          chequers_serial_rivers_small_3, minmay_misc_feat_tiny, uniq_terence
D:3:      minmay_diamond_boxcup, layout_basic,
          mainiacjoe_overflow_catwalk_spiral, minmay_diced_spiral, uniq_natasha,
          uniq_jessica, uniq_crazy_yiuf_cottage
D:4:      layout_gridville
D:6:      layout_basic, uniq_blork_the_orc
D:7:      layout_cave_pods, kennysheep_generic_room_10
D:8:      layout_basic, enter_bailey_2, uniq_amaemon
D:9:      layout_small_grid

Skill      XL: |  1  2  3  4  5  6  7  8  9 |
---------------+----------------------------+-----
Axes           | 2 3 4 5 |  5.5
Shields        | 3 4 5 6 |  6.0
Armour         | 3 4 5 6 |  6.0
Fighting       | 4 5 6 8 |  8.8
Dodging        | |  0.2

Action                     |  1- 3 |  4- 6 |  7- 9 || total
---------------------------+-------+-------+-------++-------
  Melee: War axe           |    59 |   138 |   264 ||   461
  Throw: Dart              |       |     6 |     2 ||     8
  Evoke: Wand              |       |       |     3 ||     3
    Use: Scroll            |     2 |     1 |    14 ||    17
         Potion            |       |     5 |     1 ||     6
 Armour: Scale mail        |    29 |    60 |   130 ||   219
         Skin              |       |    23 |       ||    23
  Dodge: Dodged            |    24 |    85 |   233 ||   342
  Block: Buckler           |    17 |    38 |   118 ||   173
         Reflection        |       |       |     1 ||     1

Table legend: (Time is in decaauts)
 A = Elapsed time spent in this place.
 B = Non-inter-level travel time spent in this place.
 C = Inter-level travel time spent in this place.
 D = Time resting spent in this place.
 E = Time spent auto-exploring this place.
 F = Levels seen in this place.
 G = Mean time per level.
                   A        B        C        D        E       F      G
               +--------+--------+--------+--------+--------+-----+--------+
         Total |   7133 |   6829 |    304 |   1131 |   3873 |   8 |  891.6 |
       Dungeon |   7133 |   6829 |    304 |   1131 |   3873 |   8 |  891.6 |
               +--------+--------+--------+--------+--------+-----+--------+

Top non-repeatable levels by time:
     D:7: 1492 daAuts
     D:6: 1315 daAuts
     D:3: 1097 daAuts
     D:8: 910 daAuts
     D:2: 829 daAuts
     D:1: 634 daAuts
     D:4: 451 daAuts
     D:9: 403 daAuts
